 Dungeon Crawl Stone Soup version 0.27.1-34-g3ba077fa99 (webtiles) character file.

Game seed: 10517983731781340898

106 Atelerd the Sneak (level 4, -2/27 HPs)
             Began as an Octopode Fire Elementalist on Jan 9, 2022.
             Slain by Grinder (6 damage)
             ... on level 3 of the Dungeon.
             The game lasted 00:02:14 (2987 turns).

Atelerd the Sneak (Octopode Fire Elementalist)      Turns: 2987, Time: 00:02:15

Health: -2/27      AC:  1    Str:  7    XL:     4   Next: 84%
Magic:  3/7        EV: 13    Int: 18    God:
Gold:   13         SH:  0    Dex: 12    Spells: 7/8 levels left

rFire    . . .     SeeInvis .   d - +0 dagger
rCold    . . .     Faith    .   (no shield)
rNeg     . . .     Spirit   .   (helmet restricted)
rPois    .         Reflect  .   (no amulet)
rElec    .         Harm     .   (no ring)
rCorr    .         Rampage  .   (no ring)
Will     .....                  (no ring)
Stlth    +++.......             (no ring)
HPRegen  0.09/turn              (no ring)
MPRegen  0.10/turn              (no ring)
                                (no ring)
                                (no ring)

@: no status effects
A: almost no armour, amphibious, 8 rings, camouflage 1, gelatinous body 1,
(nimble swimmer 1), tentacles
a: no special abilities


You were on level 3 of the Dungeon.
You visited 1 branch of the dungeon, and saw 3 of its levels.

You collected 13 gold pieces.

Inventory:

Hand Weapons
 d - a +0 dagger (weapon)
Scrolls
 c - 3 scrolls of identify {unknown}
Potions
 a - a potion of magic {unknown}
 b - a potion of curing {unknown}
 e - a potion of heal wounds {unknown}


   Skills:
 + Level 2.7 Dodging
 + Level 3.9 Stealth
 + Level 2.6 Spellcasting
 + Level 2.1 Conjurations
 + Level 3.5 Fire Magic


You had 7 spell levels left.
You knew the following spells:

 Your Spells              Type           Power      Damage    Failure   Level
a - Foxfire               Conj/Fire      48%        2x1d6     5%          1

Your spell library contained the following spells:

 Spells                   Type           Power      Damage    Failure   Level
 Conjure Flame            Conj/Fire      12%        6-21      16%         3
 Inner Flame              Hex/Fire       8%         N/A       24%         3
 Sticky Flame             Conj/Fire      12%        2d4       45%         4
 Fireball                 Conj/Fire      6%         3d5       82%         5


Dungeon Overview and Level Annotations

Branches:
Dungeon (3/15)

Altars:

Shops:
D:1 :

Annotations:
D:3 Grinder


Innate Abilities, Weirdness & Mutations

You cannot wear most types of armour.
You are amphibious.
You can wear up to eight rings at the same time.
Your skin changes colour to match your surroundings (Stealth+).
Your rubbery body absorbs attacks. (AC +1, EV +1)
((You are camouflaged near water. (Stealth+)))
You have tentacles for arms and can constrict up to eight enemies at once.


Message History

The kobold misses you.
A kobold is nearby!
You hit the kobold but do no damage.
The kobold is moderately wounded.
You constrict the kobold.
You kill the kobold!
Things that are here:
a +0 short sword; a kobold corpse No target in view!
No target in view!
Grinder comes into view.
Grinder is nearby!
Grinder is nearby!
You conjure some foxfire!
Grinder is nearby!
Your foxfire dissipates!
The foxfire hits Grinder.
Grinder is lightly wounded.
Grinder hits you!
You conjure some foxfire!
Grinder barely misses you.
You barely miss Grinder. Your grab misses Grinder.
Grinder is lightly wounded.
The foxfire hits Grinder.
Grinder is moderately wounded.
The foxfire hits Grinder but does no damage.
Grinder is moderately wounded.
Grinder misses you.
You conjure some foxfire!
Grinder hits you!
You writhe in agony.
* * * LOW HITPOINT WARNING * * *
Unknown command.
Your foxfire dissipates!
The foxfire hits Grinder.
Grinder is moderately wounded.
You are too injured to fight recklessly!
Casting: Foxfire (safe; 5% risk of failure)
Confirm with . or Enter, or press ? or * to list all spells.
You conjure some foxfire!
Grinder hits you.
* * * LOW HITPOINT WARNING * * *
You writhe in agony.
You die...

############
#..........# #####
#.########.# ....# #.#
#.# ###.# #.#
#####.####### #.# #.#
#............
###.###.####.###v#######
..#.#......# #@v...#
#.#.###.#### #5..#.#
#...#.####.# ##..#
#.#............ ..#
#...)...####.## ..#
###.#.### ..# ###.#.#
... ....#.# .##. #####.#
.. .


You could see Grinder (ally target).

Vanquished Creatures
  Jessica (D:2)
  An iguana (D:3)
  A gnoll (D:2)
  An adder (D:3)
  A dart slug (D:1)
  5 bats
  2 endoplasms (D:1)
  3 goblins
  2 hobgoblins
  8 quokkas
  4 ball pythons (D:1)
  3 frilled lizards
  4 kobolds
  3 rats
39 creatures vanquished.

Vanquished Creatures (collateral kills)
  2 foxfires (D:2)
2 creatures vanquished.

Vanquished Creatures (others)
  42 foxfires
42 creatures vanquished.

Grand Total: 83 creatures vanquished

Notes
Turn   | Place    | Note
-------+----------+-------------------------------------------
     0 | D:1      | Atelerd the Octopode Fire Elementalist began the quest for
                  | the Orb.
     0 | D:1      | Reached XP level 1. HP: 11/11 MP: 3/3
   284 | D:1      | Reached XP level 2. HP: 10/17 MP: 1/5
  1134 | D:1      | Found Muischiu's Book Boutique.
  1440 | D:2      | Reached XP level 3. HP: 8/21 MP: 4/6
  1960 | D:2      | Noticed Jessica
  1972 | D:2      | Killed Jessica
  2130 | D:2      | Reached XP level 4. HP: 25/27 MP: 5/7
  2976 | D:3      | Noticed Grinder
  2987 | D:3      | Slain by Grinder

Illustrated notes

Levels and vault maps discovered:
D:1:      matt_arrival_los_fun, layout_loops_ring, serial_shops, shop
D:2:      wad_woods_tower, layout_loops_corners, chequers_serial_rivers_small_b,
          uniq_sigmund, uniq_robin, uniq_jessica
D:3:      layout_basic, uniq_grinder

Skill      XL: |  1  2  3  4 |
---------------+-------------+-----
Stealth        | 3 |  3.9
Conjurations   | 2 |  2.1
Dodging        | |  2.7
Spellcasting   | |  2.6
Fire Magic     | |  3.5

Action                   |  1- 3 |  4- 6 || total
-------------------------+-------+-------++-------
Melee: Unarmed           |    72 |    11 ||    83
       Constrict         |    18 |     5 ||    23
       Tentacles         |    13 |     3 ||    16
       Dagger            |       |     9 ||     9
 Cast: Foxfire           |    12 |    18 ||    30
 Stab: Sleeping          |    11 |     2 ||    13
Armor: Skin              |     7 |       ||     7
Dodge: Dodged            |    48 |    15 ||    63
